 Dungeon Crawl Stone Soup version 0.20.0-15-g7f486f2 (webtiles) character file.

173 Hook the Insei (level 5, -3/37 HPs)
             Began as a Demonspawn Transmuter on June 21, 2017.
             Slain by Grinder (4 damage)
             ... on level 2 of the Dungeon.
             The game lasted 00:09:36 (3361 turns).

Hook the Insei (Demonspawn Transmuter)              Turns: 3361, Time: 00:09:37

Health: -3/37      AC:  2    Str: 10    XL:     5   Next: 28%
Magic:  1/9        EV: 21    Int: 15    God:
Gold:   77         SH:  0    Dex: 19    Spells: 4/10 levels left

rFire    . . .     SeeInvis .     - Unarmed
rCold    . . .     Gourm    .   (shield currently unavailable)
rNeg     . . .     Faith    .   (armour currently unavailable)
rPois    x         Spirit   .   (helmet currently unavailable)
rElec    .         Reflect  .   (cloak currently unavailable)
rCorr    .         Harm     .   (gloves currently unavailable)
MR       .....                  (boots currently unavailable)
Stlth    ++........             (no amulet)
Regen    0.2/turn               (no ring)
MPRegen  0.2/turn               (no ring)

@: spider-form (expiring)
A: powered by pain 1
a: End Transformation


You were on level 2 of the Dungeon.
You were not hungry.
You were a venomous arachnid creature.
You visited 1 branch of the dungeon, and saw 3 of its levels.

You collected 77 gold pieces.

Inventory:

Missiles
 a - 46 arrows
 q - 2 tomahawks (quivered)
Armour
 b - a +1 robe (melded)
 p - a scarf of spirit shield (melded)
Wands
 m - a wand of confusion (32/48)
Scrolls
 o - a scroll of identify
 r - a scroll of remove curse
Potions
 i - 3 potions of might
 k - 2 potions of magic
Books
 c - a book of Changes

   Spells                             Type                      Level
   a - Beastly Appendage              Transmutation                1
   b - Sticks to Snakes               Transmutation                2
   c - Spider Form                    Transmutation/Poison         3
   d - Ice Form                       Ice/Transmutation            4
   e - Blade Hands                    Transmutation                5
Comestibles
 d - a bread ration
 f - a meat ration
 h - 4 chunks of flesh


   Skills:
 + Level 1.2 Fighting
 * Level 2.7 Dodging
 + Level 0.6 Stealth
 + Level 3.3 Unarmed Combat
 * Level 3.0 Spellcasting
 * Level 2.9 Transmutations
 * Level 0.8 Poison Magic


You had 4 spell levels left.
You knew the following spells:

 Your Spells              Type           Power        Failure   Level  Hunger
a - Beastly Appendage     Tmut           ##....       17%         1    #......
b - Spider Form           Tmut/Pois      #.........   50%         3    ###....
c - Sticks to Snakes      Tmut           ##......     22%         2    ##.....


Dungeon Overview and Level Annotations

Branches:
Dungeon (3/15)

Altars:

Annotations:
D:2 Grinder
D:3 Gandalfino's ghost, weakling DsFE


Innate Abilities, Weirdness & Mutations

((You have a pair of small antennae on your head.))
((You have large cloven feet.))
You sometimes gain a little power by taking damage.


Message History

Grinder is moderately wounded.
Unknown command.
Okay, then.
You feel better. Grinder hits you.
You writhe in agony.
* * * LOW HITPOINT WARNING * * *
Grinder gestures at you. You resist with significant effort.
There is a stone staircase leading down here.
Casting: Spider Form
Confirm with . or Enter, or press ? or * to list all spells.
You turn into a venomous arachnid creature.
Your scarf of spirit shield melds into your body.
Your +1 robe melds into your body.
You feel strangely alone.
Your transformation is almost over.
You hit Grinder.
Grinder is poisoned.
Grinder is heavily wounded.
Grinder hits you!
* * * LOW HITPOINT WARNING * * *
You writhe in agony.
You die...

........##....#..##.............#
######...........##......########
## #.....###..(##.(....# .#
#.....# #.....###'### .# ##'####
#...#.# #.# .# #.# ##..#.###.###
.######.# #..#..(....# ........#
###.5#####.#.# .######## #...s#
#.#.# ## ####.# #.#.# #.# #.#.#
#.# #.#.######## #.# #.#.........
#.# #........... #.# ############
#.# #.#


You could see Grinder.

Vanquished Creatures
  A hound (D:3)
  An orc priest (D:3)
  5 adders (D:2)
  An ooze (D:1)
  2 worms (D:2)
  7 leopard geckos (D:2)
  3 orcs (D:3)
  7 bats
  3 giant cockroaches
  5 goblins
  4 hobgoblins
  7 frilled lizards
  4 kobolds (D:1)
  3 rats
53 creatures vanquished.

Notes
Turn   | Place    | Note
-------+----------+-------------------------------------------
     0 | D:1      | Hook the Demonspawn Transmuter began the quest for the Orb.
     0 | D:1      | Reached XP level 1. HP: 15/15 MP: 3/3
   442 | D:1      | Lost mutation: You have claws for feet. [demonic ancestry]
   442 | D:1      | Lost mutation: You have razor-sharp toenails. [demonic ancestry]
   442 | D:1      | Lost mutation: You have sharp toenails. [demonic ancestry]
   442 | D:1      | Gained mutation: You have large cloven feet. [demonic ancestry]
   442 | D:1      | Reached XP level 2. HP: 15/21 MP: 3/5
  1467 | D:2      | Reached XP level 3. HP: 13/26 MP: 3/6
  1870 | D:2      | Learned a level 3 spell: Spider Form
  2262 | D:2      | Gained mutation: You sometimes gain a little power by taking damage. [demonic ancestry]
  2262 | D:2      | Reached XP level 4. HP: 27/32 MP: 3/7
  2580 | D:2      | Learned a level 2 spell: Sticks to Snakes
  2879 | D:3      | Noticed Gandalfino's ghost (weakling DsFE)
  3151 | D:3      | Gained mutation: You have a pair of small antennae on your head. [demonic ancestry]
  3151 | D:3      | Reached XP level 5. HP: 30/37 MP: 1/9
  3332 | D:3      | Noticed Grinder
  3334 | D:3      | Paralysed by Grinder for 5 turns
  3341 | D:3      | Paralysed by Grinder for 6 turns
  3361 | D:2      | HP: 1/37 [Grinder (8)]
  3361 | D:2      | Slain by Grinder

Skill      XL: |  1  2  3  4  5 |
---------------+----------------+-----
Dodging        | 2 |  2.7
Transmutations | 2 |  2.9
Unarmed Combat | 3 |  3.3
Spellcasting   | 3 |  3.0
Fighting       | |  1.2
Stealth        | |  0.6
Poison Magic   | |  0.8

Action                   |  1- 3 |  4- 6 || total
-------------------------+-------+-------++-------
Melee: Unarmed           |   153 |    63 ||   216
       Kick              |    22 |     6 ||    28
       Headbutt          |    10 |       ||    10
       Punch             |     1 |       ||     1
 Cast: Beastly Appendage |    25 |     3 ||    28
       Spider Form       |     4 |     9 ||    13
  Use: Scroll            |     6 |     1 ||     7
       Potion            |       |     6 ||     6
  Eat: Chunk             |     2 |     4 ||     6
       Bread ration      |     1 |       ||     1
Armor: Robe              |    14 |     6 ||    20
       Skin              |     1 |     3 ||     4
Dodge: Dodged            |   104 |    54 ||   158
